 Dungeon Crawl Stone Soup version 0.25.1-2-g60ff931df9 (webtiles) character file.

Game seed: 1158346871289012641

31 raphialitos the Conjurer (level 3, 0/24 HPs)
             Began as a Human Conjurer on Oct 20, 2020.
             Succumbed to an adder's poison
             ... on level 2 of the Dungeon.
             The game lasted 00:02:44 (791 turns).

raphialitos the Conjurer (Human Conjurer)            Turns: 791, Time: 00:02:45

Health: 0/24       AC:  2    Str:  8    XL:     3   Next: 40%
Magic:  1/6        EV: 12    Int: 16    God:
Gold:   46         SH:  0    Dex: 13    Spells: 3/6 levels left

rFire    . . .     SeeInvis .   d - +0 short sword
rCold    . . .     Gourm    .   (no shield)
rNeg     . . .     Faith    .   a - +0 robe
rPois    .         Spirit   .   (no helmet)
rElec    .         Reflect  .   (no cloak)
rCorr    .         Harm     .   (no gloves)
MR       .....                  (no boots)
Stlth    ++........             (no amulet)
HPRegen  0.08/turn              (no ring)
MPRegen  0.10/turn              (no ring)

@: lethally poisoned (0 -> -13), stab, very slightly contaminated
A: talons 1, wild magic 1
a: no special abilities


You were on level 2 of the Dungeon.
You were not hungry.

You visited 1 branch of the dungeon, and saw 2 of its levels.

You collected 46 gold pieces.

Inventory:

Hand Weapons
 d - a +0 short sword (weapon)
Armour
 a - a +0 robe (worn)
Scrolls
 e - 2 scrolls of identify {unknown}
 g - a scroll of remove curse {unknown}
 i - a scroll of teleportation {unknown}
Comestibles
 b - 2 chunks of flesh
 c - 3 rations


   Skills:
 + Level 2.0 Dodging
 + Level 2.2 Stealth
 + Level 2.3 Spellcasting
 + Level 4.6 Conjurations


You had 3 spell levels left.
You knew the following spells:

 Your Spells              Type           Power        Failure   Level  Hunger
a - Magic Dart            Conj           ###.         5%          1    #......
b - Searing Ray           Conj           ###...       7%          2    ###....

Your spell library contained the following spells:

 Spells                   Type           Power        Failure   Level  Hunger
 Dazzling Flash           Conj/Hex       ##....       30%         3    ###....
 Fulminant Prism          Conj/Hex       ##........   67%         4    #####..
 Iskenderun's Mystic Bla  Conj/Tloc      ##......     67%         4    #####..


Dungeon Overview and Level Annotations

Branches:
Dungeon (1/15)

Altars:


Innate Abilities, Weirdness & Mutations

You have sharp toenails.
Your spells are a little harder to cast, but a little more powerful.


Message History

You feel sick. The adder bites you.
* * * LOW HITPOINT WARNING * * *
You are more poisoned.
The adder poisons you!
You hit the adder.
You kill the adder!
* * * LOW HITPOINT WARNING * * *
You feel sick.
* * * LOW HITPOINT WARNING * * *
You feel sick.
You see here an adder corpse.
* * * LOW HITPOINT WARNING * * *
You feel sick.
Unknown command.
Casting: Searing Ray (safe; 7% risk of failure)
Confirm with . or Enter, or press ? or * to list all spells.
You can't see any susceptible monsters within range! (Use Z to cast anyway.) Unknown command.
Unknown command.
You die...

......#.#
#.####
.#####.##
#....# .#
###
####.# .#
#.# .#
#.# ^#
###.# .#
#.†.# ##
#.### #@#
#.# ##
#.# .#
#.# .#
#.# .#
#.# ..(.
..# .##.
### .# .


There were no monsters in sight!

Vanquished Creatures
  An adder (D:2)
  A worm (D:2)
  2 giant cockroaches
  4 hobgoblins
  4 kobolds (D:1)
  2 bats (D:1)
  A frilled lizard (D:1)
  4 rats
19 creatures vanquished.

Notes
Turn   | Place    | Note
-------+----------+-------------------------------------------
     0 | D:1      | raphialitos the Human Conjurer began the quest for the Orb.
     0 | D:1      | Reached XP level 1. HP: 13/13 MP: 3/3
   133 | D:1      | Reached XP level 2. HP: 19/19 MP: 3/5
   329 | D:1      | Learned a level 2 spell: Searing Ray
   376 | D:1      | You fall into a shaft and drop 1 floor!
   565 | D:2      | Reached XP level 3. HP: 24/24 MP: 1/6
   782 | D:2      | Gained mutation: Your spells are a little harder to cast,
                  | but a little more powerful. [potion of mutation]
   782 | D:2      | Gained mutation: You have sharp toenails. [potion of
                  | mutation]
   790 | D:2      | HP: 1/24 [poisoned by an adder]
   791 | D:2      | Succumbed to an adder's poison

Illustrated notes

Levels and vault maps discovered:
D:1:      saegor_arrival_simple_b, layout_basic
D:2:      layout_loops_cross, ashenzari_altar_1, first_ration

Action                   || total
-------------------------++-------
Melee: Unarmed           ||     6
       Short sword       ||    22
       Kick              ||     1
 Cast: Magic Dart        ||    24
       Searing Ray       ||     4
  Use: Potion            ||     2
 Stab: Sleeping          ||     1
Armor: Robe              ||     3
Dodge: Dodged            ||    25
